 Dungeon Crawl Stone Soup version 0.31.0-2-g5a2aebc5c2 (webtiles) character file.

Game seed: 577942774836292664

2742 dorian the Basher (level 9, -6/96 HPs)
             Began as an Oni Gladiator on Jan 20, 2024.
             Mangled by Maurice
             ... wielding a +0 short sword
              (7 damage)
             ... on level 7 of the Dungeon.
             The game lasted 00:15:38 (8552 turns).

dorian the Basher (Oni Gladiator)                   Turns: 8552, Time: 00:15:39

Health: -6/96      AC:  4    Str: 30    XL:     9   Next: 68%
Magic:  0/9        EV: 10    Int:  9    God:
Gold:   0          SH:  0    Dex: 10    Spells: 8/8 levels left

rFire   + . .        a - +1 flail
rCold   . . .        (no shield)
rNeg    . . .        b - +0 robe
rPois   .            c - +1 hat
rElec   .            (no cloak)
rCorr   .            (gloves unavailable)
SInv    .            (boots unavailable)
Will    .....        (no amulet)
Stlth   +            i - +6 ring of strength
HPRegen 0.36/turn    j - ring of protection from fire
MPRegen 0.11/turn

%: no passive effects
@: mighty
A: large, unfitting armour, horns 1, tough skin 1, double potion healing,
drunken brawling
a: no special abilities


You were on level 7 of the Dungeon.
You visited 2 branches of the dungeon, and saw 9 of its levels.
You also visited: Sewer.

You collected 36 gold pieces.
You spent 36 gold pieces at shops.

Inventory:

Hand Weapons
 a - a +1 flail (weapon)
Missiles
 e - a large rock
 o - 3 stones (quivered)
 u - a boomerang
Armour
 b - a +0 robe (worn)
 c - a +1 hat (worn)
Jewellery
 i - a +6 ring of strength (left hand)
 j - a ring of protection from fire (right hand)
Wands
 h - a wand of paralysis (4)
 A - a wand of polymorph (6)
Scrolls
 r - a scroll of identify
 t - 2 scrolls of teleportation
 v - 2 scrolls of fog
 x - a scroll of enchant armour
 z - 2 scrolls of blinking
Potions
 d - a potion of might
 f - 4 potions of degeneration
 k - 2 potions of brilliance
 l - a potion of invisibility {unknown}
 m - a potion of ambrosia {unknown}
 n - 3 potions of enlightenment
 q - a potion of berserk rage {unknown}
 y - 2 potions of haste {unknown}
 B - a potion of lignification
 C - a potion of magic {unknown}


   Skills:
 + Level 8.0 Fighting
 * Level 8.8 Maces & Flails
 * Level 8.5 Throwing
 - Level 2.6 Dodging


You had 8 spell levels left.
You didn't know any spells.
Your spell library contained the following spells:

 Spells                   Type           Power      Damage    Failure   Level
 Apportation              Tloc           0%         N/A       38%         1
 Necrotise                Necr           0%         1d4       38%         1
 Sandblast                Erth           0%         2d4       38%         1
 Sting                    Conj/Alch      0%         1d3       38%         1
 Summon Small Mammal      Summ           0%         N/A       38%         1
 Call Canine Familiar     Summ           0%         N/A       77%         3
 Passwall                 Erth           0%         N/A       77%         3
 Stone Arrow              Conj/Erth      0%         3d7       77%         3
 Anguish                  Hex/Necr       0%         N/A       99%         4
 Brom's Barrelling Bould  Conj/Erth      0%         2d3       99%         4
 Cause Fear               Hex            0%         N/A       99%         4
 Summon Blazeheart Golem  Fire/Summ      0%         N/A       99%         4
 Enfeeble                 Hex            0%         N/A       100%        7


Dungeon Overview and Level Annotations

Branches:
Dungeon (8/15) Zot: 26809  Temple (1/1) D:4 Zot: 5964   Sewer (visited)
   Lair: D:8-11

Altars:
Ashenzari
Cheibriados
Elyvilon
Fedhas
Gozag
Hepliaklqana
Kikubaaqudgha
Nemelex Xobeh
Qazlal
Sif Muna
Uskayaw
Vehumet
Wu Jian
Xom
Yredelemnul
Zin
The Shining One

Shops:
D:3 *!*

Annotations:
D:6 2 runed translucent doors
D:7 Maurice


Innate Abilities, Weirdness & Mutations

You are too large for most types of armour.
You have a pair of small horns on your head.
You have tough skin. (AC +1)
You gain doubled healing and magic from potions.
Whenever you drink a healing potion, you attack all around you.


Message History

You cannot move.
You closely miss something. Something hits you.
* * * LOW HITPOINT WARNING * * *
Something steals your +0 kite shield!
Something bites you but does no damage. Something blocks your attack.
You feel less wooden.
Your +1 hat unmelds from your body.
Your +0 robe unmelds from your body.
You barely miss something. Your headbutt misses something.
You hear a zap.
Something tries to affect you, but you resist.
You bludgeon something!!
You hear an angry buzzing noise.
Something hits you!
* * * LOW HITPOINT WARNING * * *
Something steals 465 gold pieces!
You now have 0 gold pieces.
Something bites you but does no damage. Something blocks your attack.
Your headbutt misses something. Something hits you.
* * * LOW HITPOINT WARNING * * *
Something steals 4 of your 7 stones! Something bites you.
* * * LOW HITPOINT WARNING * * *
You feel your power leaking away. Something drains your magic.
Something blocks your attack. Something hits you.
* * * LOW HITPOINT WARNING * * *
Something grunts, "Curses!"
Something bites you.
* * * LOW HITPOINT WARNING * * *
You feel your power leaking away. Something drains your magic.
Something blocks your attack. Something hits you but does no damage.
Something bites you.
* * * LOW HITPOINT WARNING * * *
You feel your power leaking away. Something drains your magic.
You closely miss something. Something hits you.
* * * LOW HITPOINT WARNING * * *
Something grunts, "Curses!"
Something bites you!
You die...

.#..[#####
.......#...
.........#
...........
#.......#
...........
#.......#
#######.##.
#.......### #....
#.........## ####.
#..[....#..#
######### #..
#.......##{#
#.......# #..
....y.#####@##
#.#####.# #.. ......
###..###.### #.# #..
......
#....).....###.# ##.
.....
#.....)....#...# #..
...##
#..........#.### #..
#............#####..
#.......)).#........
#..........###.>....
#...................


There were no monsters in sight!

Vanquished Creatures
  A wyvern (D:7)
  A steam dragon (D:7)
  Menkaure (D:5)
  A water moccasin (D:6)
  An ice beast (D:5)
  2 sky beasts
  A black bear (D:5)
  An ogre (D:7)
  2 brain worms (Sewer)
  2 bullfrogs
  4 scorpions
  5 killer bees (D:7)
  4 jellies
  A howler monkey (D:5)
  A bombardier beetle (D:6)
  3 hounds (D:5)
  4 iguanas
  8 orc wizards
  2 sleepcaps
  14 gnolls
  11 adders
  3 river rats
  4 white imps
  3 ufetubi (D:5)
  3 dart slugs
  3 ribbon worms (D:3)
  15 orcs
  6 ball pythons
  3 bats (D:1)
  3 endoplasms
  3 giant cockroaches
  6 hobgoblins
  44 kobolds
  3 quokkas
  8 frilled lizards
  7 goblins
  12 rats
196 creatures vanquished.

Notes
Turn   | Place    | Note
-------+----------+-------------------------------------------
     0 | D:1      | dorian the Oni Gladiator began the quest for the Orb.
     0 | D:1      | Reached XP level 1. HP: 22/22 MP: 1/1
   227 | D:1      | Reached XP level 2. HP: 29/29 MP: 2/2
   637 | D:1      | Reached XP level 3. HP: 37/37 MP: 3/3
   858 | D:2      | Found an ancient bone altar of Kikubaaqudgha.
  1344 | D:3      | Found Neegepto's General Store.
  1473 | D:3      | Found Buoneph's Distillery.
  1490 | D:3      | Bought a potion of curing for 36 gold pieces
  1509 | D:3      | Found a glowing drain.
  1515 | D:3      | Reached XP level 4. HP: 42/45 MP: 4/4
  1631 | Sewer    | Entered a sewer
  1656 | Sewer    | Noticed a brain worm
  1665 | Sewer    | Killed a brain worm
  1666 | Sewer    | Reached XP level 5. HP: 51/54 MP: 3/5
  1997 | Sewer    | Reached XP level 6. HP: 61/62 MP: 6/6
  2241 | D:3      | Found Jol Roy's General Store.
  2300 | D:3      | Found a radiant altar of Vehumet.
  3024 | D:3      | Reached skill level 5 in Maces & Flails
  3876 | D:4      | Reached XP level 7. HP: 65/71 MP: 7/7
  3948 | D:4      | Found a staircase to the Ecumenical Temple.
  3957 | Temple   | Entered the Ecumenical Temple
  4011 | D:4      | Found a white marble altar of Elyvilon.
  4026 | D:4      | Reached skill level 5 in Fighting
  4026 | D:4      | Reached skill level 5 in Throwing
  4152 | D:4      | Found a stormy altar of Qazlal.
  4157 | D:4      | Found a glowing silver altar of Zin.
  4162 | D:4      | Found a hazy altar of Hepliaklqana.
  4164 | D:4      | Found a shimmering altar of Xom.
  4481 | D:5      | Entered Level 5 of the Dungeon
  5002 | D:5      | Identified the +2 leather armour of Dishonesty {Str+4}
  5121 | D:5      | Noticed Menkaure
  5353 | D:5      | Reached XP level 8. HP: 80/83 MP: 8/8
  6372 | D:5      | Killed Menkaure
  7076 | D:6      | Reached XP level 9. HP: 92/92 MP: 9/9
  7726 | D:6      | Found a runed translucent door.
  7731 | D:6      | Found a runed translucent door.
  7958 | D:7      | Noticed Maurice
  7959 | D:7      | Paralysed by Maurice for 5 turns
  8509 | D:7      | Maurice stole a ring of positive energy
  8511 | D:7      | Paralysed by something for 5 turns
  8513 | D:7      | Something stole a staff of alchemy
  8545 | D:7      | Something stole a +0 kite shield
  8548 | D:7      | Something stole 465 gold
  8549 | D:7      | Something stole 7 stones
  8552 | D:7      | HP: 1/96 [something (6)]
  8552 | D:7      | Mangled by Maurice

Illustrated notes

Levels and vault maps discovered:
D:1:      heliophobic_arrival_ceremonial_halls, layout_loops_cross
D:2:      layout_loops_ring, basic_altar
D:3:      minmay_goblin_kobold_castle, layout_loops_corners,
          nicolae_overflow_crystal_walls, serial_shops, nicolae_shop_waterfront,
          shop, shop, portal_sewer_entry_a, st_stairs_8
D:4:      layout_basic, nicolae_overflow_macrodata_refinement,
          mainiacjoe_overflow_paths, minmay_temple_entry_ruins
D:5:      layout_loops_corners, uniq_menkaure
D:6:      lemuel_insect_pit, layout_cave_pools, grunt_decor_resistance,
          minmay_bent
D:7:      layout_basic, uniq_maurice
D:8:      layout_basic, mainiacjoe_overflow_catch_the_wave, serial_shops,
          nicolae_shop_waterfront, enter_bailey_4,
          chequers_serial_rivers_room_b, kennysheep_small_square
Temple:   chequers_temple_sunken

Skill      XL: |  1  2  3  4  5  6  7  8  9 |
---------------+----------------------------+-----
Fighting       | 3 4 5 6 8 |  8.0
Throwing       | 3 4 5 7 8 |  8.5
Maces & Flails | 4 5 6 7 8 |  8.8
Dodging        | |  2.6

Action                     |  1- 3 |  4- 6 |  7- 9 || total
---------------------------+-------+-------+-------++-------
  Melee: Flail             |    69 |   219 |   266 ||   554
         Headbutt          |     7 |    33 |    33 ||    73
         Punch             |     1 |     2 |     2 ||     5
  Throw: Stone             |     2 |       |    81 ||    83
         Throwing net      |       |     4 |     2 ||     6
         Large rock        |       |     4 |       ||     4
  Evoke: Wand              |       |       |    14 ||    14
    Use: Scroll            |       |     7 |     6 ||    13
         Potion            |       |       |     8 ||     8
   Stab: Held in net/web   |       |     1 |       ||     1
         Distracted        |       |     1 |       ||     1
         Paralysed         |       |       |    10 ||    10
         Sleeping          |       |       |     2 ||     2
 Armour: Robe              |    39 |   162 |   307 ||   508
         Skin              |       |       |    83 ||    83
  Dodge: Dodged            |    33 |   101 |   174 ||   308
